 Dungeon Sprint DCSS version 0.26-a0-658-gbdda728c12 (webtiles) character file.

Game seed: 12702573702615141078

36 mhtbhm the Skirmisher (level 3, -1/39 HPs)
             Began as a Kobold Berserker on Oct 5, 2020.
             Was a Believer of Trog.
             Slain by an ufetubus (2 damage)
             ... in the Dungeon (Sprint IX: "|||||||||||||||||||||||||||||").
             The game lasted 00:00:19 (62 turns).

mhtbhm the Skirmisher (Kobold Berserker)              Turns: 62, Time: 00:00:19

Health: -1/39      AC: -1    Str: 15    XL:     3   Next: 57%
Magic:  3/3        EV: 16    Int:  8    God:    Trog [**....]
Gold:   0          SH:  0    Dex: 14    Spells: 2/2 levels left

rFire    . . .     SeeInvis .   a - +0 mace
rCold    . . .     Faith    .   (shield restricted)
rNeg     . . .     Spirit   .   b - +0 animal skin
rPois    .         Reflect  .   (no helmet)
rElec    .         Harm     .   (no cloak)
rCorr    .         Rampage  .   (no gloves)
MR       .....     NoTele   +   (no boots)
Stlth    ..........             (no amulet)
HPRegen  0.13/turn              (no ring)
MPRegen  0.08/turn              (no ring)

@: berserking, corroded, very quick
A: small, nightstalker 3
a: Berserk, Trog's Hand, Renounce Religion


You were in the Dungeon.
You worshipped Trog.
Trog was pleased with you.
You visited 1 branch

Inventory:

Hand Weapons
 a - a +0 mace (weapon)
Armour
 b - a +0 animal skin (worn)
Scrolls
 h - a scroll of blinking
Potions
 c - a potion of curing
 d - a potion of heal wounds
 e - a potion of haste
 f - 2 potions of magic
 g - a potion of berserk rage


   Skills:
 + Level 5.3 Fighting
 + Level 4.6 Maces & Flails
 + Level 2.2 Armour
 + Level 3.5 Dodging


You had 2 spell levels left.
You didn't know any spells.
Your spell library was empty.

Dungeon Overview and Level Annotations

Branches:
Dungeon (1/1)

Altars:


Innate Abilities, Weirdness & Mutations

You are small and have problems with some larger weapons.
You are completely attuned to the shadows.


Message History

Your Fighting skill increases to level 5!
Your Maces & Flails skill increases to level 4!
Your Armour skill increases to level 2!
Your Dodging skill increases to level 3!
You have reached level 3!
Your experience leads to an increase in your attributes!
Increase (S)trength, (I)ntelligence, or (D)exterity?
You feel stronger.
Unknown command.
You hit the ufetubus.
The ufetubus is lightly wounded.
The ufetubus closely misses you. The ufetubus barely misses you.
A leopard gecko zombie comes into view.
You completely miss the ufetubus.
The ufetubus is lightly wounded.
The ufetubus barely misses you. The ufetubus misses you.
You closely miss the ufetubus. The ufetubus hits you.
* * * LOW HITPOINT WARNING * * *
The ufetubus hits you.
You die... ▓▓▓▓▓▓▓▓▓▓▓▓▓▓▓ ZZS5@...)'...<▓ ▓▓▓▓▓▓▓▓▓▓▓▓▓▓▓

You could see an adder, an ufetubus, a leopard gecko zombie and an adder skeleton.

Vanquished Creatures
  A jelly (D)
  A bat (D)
  2 goblins (D)
  A hobgoblin (D)
  A kobold (D)
6 creatures vanquished.

Notes
Turn   | Place    | Note
-------+----------+-------------------------------------------
     0 | D        | mhtbhm the Kobold Berserker began the quest for the Orb.
     0 | D        | Reached XP level 1. HP: 14/14 MP: 1/1
    10 | D        | Reached ** piety under Trog
    11 | D        | Reached skill level 4 in Fighting
    12 | D        | Reached XP level 2. HP: 20/20 MP: 2/2
    58 | D        | HP: 1/30 [acid (10)]
    59 | D        | Reached skill level 5 in Fighting
    59 | D        | Reached XP level 3. HP: 1/26 MP: 3/3
    62 | D        | Slain by an ufetubus

Illustrated notes

Levels and vault maps discovered:
D:        linesprint [early_d, line_temple, items_1, d_10, items_2, lair_1,
          lair_end, items_3, orc_1, orc_end, items_4, d_15, swamp_1, shoals_1,
          snake_1, spider_1, d_20, vaults_1, items_5, swamp_end, shoals_end,
          snake_end, spider_end, vaults_end, d_27, items_6, zot_1, zot_end,
          crypt_end, forest_end, elf_end, slime_end, tomb_end, abyss_end,
          pan_hell_end]

Skill      XL: |  1  2 |
---------------+-------+-----
Maces & Flails | 3 4 |  4.6
Fighting       | 4 5 |  5.3
Armour         | 2 |  2.2
Dodging        | 3 |  3.5

Action                   || total
-------------------------++-------
Melee: Mace              ||    13
Invok: Berserk           ||     2
Dodge: Dodged            ||     8

Table legend: (Time is in decaauts)
 A = Elapsed time spent in this place.
 B = Non-inter-level travel time spent in this place.
 C = Inter-level travel time spent in this place.
 D = Time resting spent in this place.
 E = Time spent auto-exploring this place.
 F = Levels seen in this place.
 G = Mean time per level.
                   A        B        C        D        E       F      G
               +--------+--------+--------+--------+--------+-----+--------+
         Total |     71 |     71 |      0 |     47 |      3 |   1 |   71.0 |
       Dungeon |     71 |     71 |      0 |     47 |      3 |   1 |   71.0 |
               +--------+--------+--------+--------+--------+-----+--------+

Top non-repeatable levels by time:
       D: 71 daAuts
